 Dungeon Crawl Stone Soup version 0.24.0-37-gcf1ca852f1 (webtiles) character file.

Game seed: 3047164028092363230, levelgen mode: deterministic

80 PentaManta the Poker (level 4, 0/35 HPs)
             Began as a Merfolk Monk on Dec 6, 2019.
             Slain by a gnoll
             ... wielding a +0 halberd
              (10 damage)
             ... on level 3 of the Dungeon.
             The game lasted 00:03:54 (1721 turns).

PentaManta the Poker (Merfolk Monk)                 Turns: 1721, Time: 00:03:54

Health: 0/35       AC:  5    Str: 11    XL:     4   Next: 39%
Magic:  4/4        EV: 13    Int:  9    God:
Gold:   61         SH:  0    Dex: 17    Spells: 3/3 levels left

rFire    + . .     SeeInvis .   a - +0 spear
rCold    . . .     Gourm    .   (no shield)
rNeg     . . .     Faith    .   j - +0 ring mail
rPois    .         Spirit   .   (no helmet)
rElec    .         Reflect  .   (no cloak)
rCorr    .         Harm     .   (no gloves)
MR       .....                  (no boots)
Stlth    ++........             (no amulet)
HPRegen  0.11/turn              d - ring of protection from fire
MPRegen  0.09/turn              (no ring)

@: no status effects
A: change form in water, swift swim, stealthy swim
a: no special abilities


You were on level 3 of the Dungeon.
You were hungry.

You visited 1 branch of the dungeon, and saw 3 of its levels.

You collected 61 gold pieces.

Inventory:

Hand Weapons
 a - a +0 spear (weapon)
 g - a +0 dagger
Armour
 j - a +0 ring mail (worn)
Jewellery
 d - a ring of protection from fire (left hand)
 m - an uncursed ring of ice {unknown}
Scrolls
 b - 3 scrolls of identify
 f - a scroll of enchant weapon {unknown}
 h - a scroll of fog {unknown}
 i - a scroll of random uselessness {unknown}
 k - a scroll of blinking {unknown}
Potions
 e - 2 potions of mutation
 l - 3 potions of curing {unknown}
Comestibles
 c - 2 rations


   Skills:
 - Level 3.2 Fighting
 + Level 5.5 Polearms
 + Level 5.1 Dodging
 + Level 3.5 Stealth


You had 3 spell levels left.
You didn't know any spells.
Your spell library was empty.

Dungeon Overview and Level Annotations

Branches:
Dungeon (3/15)

Altars:
Dithmenos


Message History

You reach to attack!
You completely miss the gnoll.
The gnoll is severely wounded.
Attack whom?
Press: ? - help, Dir - move target cursor, f/p - gnoll
Aim: a gnoll, wielding a +0 halberd (severely wounded)
You reach to attack!
Your ring mail prevents you from hitting the gnoll.
The gnoll is severely wounded.
The gnoll hits you from afar with a +0 halberd!
You are too injured to fight recklessly!
You are too injured to fight recklessly!
You are too injured to fight recklessly!
The gnoll hits you with a +0 halberd.
* * * LOW HITPOINT WARNING * * *
You hit the gnoll.
The gnoll is severely wounded.
You hit the gnoll but do no damage.
The gnoll is severely wounded.
The gnoll hits you with a +0 halberd!
You die...

#(......<.#.##
.#######.###.######.#
#.## ##.......# ##.
#.########
#.#.#........
#.##.####### #.....#
####..#########
#.....@gg(....
#.##.####.#### #. #.#
# #.# #.# ... ..# .#


You could see 2 gnolls.

Vanquished Creatures
  A gnoll (D:3)
  An adder (D:2)
  An ooze (D:2)
  A dart slug (D:2)
  3 leopard geckos (D:1)
  A ball python (D:1)
  4 giant cockroaches
  5 goblins
  4 hobgoblins
  7 jackals (D:2)
  A quokka (D:2)
  4 bats
  2 frilled lizards (D:2)
  9 kobolds
  3 rats (D:1)
47 creatures vanquished.

Notes
Turn   | Place    | Note
-------+----------+-------------------------------------------
     0 | D:1      | PentaManta the Merfolk Monk began the quest for the Orb.
     0 | D:1      | Reached XP level 1. HP: 18/18 MP: 1/1
   113 | D:1      | Reached XP level 2. HP: 15/24 MP: 2/2
   433 | D:1      | Reached skill level 5 in Polearms
   433 | D:1      | Reached XP level 3. HP: 24/29 MP: 3/3
   985 | D:2      | Found a shadowy altar of Dithmenos.
  1210 | D:2      | Reached XP level 4. HP: 28/35 MP: 4/4
  1400 | D:2      | Reached skill level 5 in Dodging
  1721 | D:3      | Slain by a gnoll

Levels and vault maps discovered:
D:1:      lemuel_arrival_river_ford, layout_basic, minmay_misc_feat_five
D:2:      layout_basic, first_ration, lemuel_altar_in_water
D:3:      layout_loops_ring

Skill      XL: |  1  2  3  4 |
---------------+-------------+-----
Polearms       | 5 |  5.5
Stealth        | 3 |  3.5
Dodging        | 5 |  5.1
Fighting       | |  3.2

Action                   |  1- 3 |  4- 6 || total
-------------------------+-------+-------++-------
Melee: Spear             |   148 |    46 ||   194
  Use: Scroll            |     4 |       ||     4
 Stab: Sleeping          |     2 |     3 ||     5
       Distracted        |       |     1 ||     1
  Eat: Chunk             |       |     2 ||     2
Armor: Robe              |     2 |       ||     2
       Ring mail         |    37 |     5 ||    42
Dodge: Dodged            |    82 |    15 ||    97
